 Dungeon Crawl Stone Soup version 0.20-a0-556-g892c87b (webtiles) character file.

28 drasked the Firebug (level 3, -1/19 HPs)
             Began as a Deep Elf Fire Elementalist on Feb 5, 2017.
             Engulfed by a cloud of flame (20 damage)
             ... on level 1 of the Dungeon.
             The game lasted 00:03:24 (863 turns).

drasked the Firebug (Deep Elf Fire Elementalist)     Turns: 863, Time: 00:03:25

Health: -1/19      AC:  2    Str:  5    XL:     3   Next: 0%
Magic:  10/10      EV: 13    Int: 20    God:
Gold:   44         SH:  0    Dex: 15    Spells: 5/9 levels left

rFire    . . .     SeeInvis .   (no weapon)
rCold    . . .     Gourm    .   a - +0 robe
rNeg     . . .     Faith    .   (no shield)
rPois    .         Spirit   .   (no helmet)
rElec    .         Reflect  .   (no cloak)
rCorr    .         Harm     .   (no gloves)
MR       .....                  (no boots)
Stlth    ++........             (no amulet)
Regen    0.1/turn               (no ring)
                                (no ring)

@: no status effects
A: no striking features
a: no special abilities


You were on level 1 of the Dungeon.
You were not hungry.

You visited 1 branch of the dungeon, and saw 1 of its levels.

You collected 44 gold pieces.

Inventory:

Armour
 a - a +0 robe (worn)
Scrolls
 d - a scroll of random uselessness {unknown}
 f - a scroll of remove curse {unknown}
 h - a scroll of amnesia {unknown}
Potions
 e - a potion of berserk rage {unknown}
 g - a potion of agility {unknown}
Books
 b - a book of Flames
Comestibles
 c - a bread ration {@e1}


   Skills:
 - Level 2.4 Dodging
 - Level 2.4 Stealth
 + Level 3.5 Spellcasting
 + Level 1.9 Conjurations
 + Level 3.9 Fire Magic


You had 5 spell levels left.
You knew the following spells:

 Your Spells              Type           Power        Failure   Level  Hunger
a - Flame Tongue          Conj/Fire      ###..        4%          1    None
c - Conjure Flame         Conj/Fire      ###.....     14%         3    ###....


Dungeon Overview and Level Annotations

Branches:
Dungeon (1/15)

Altars:


Message History

Aim: a goblin The flame tongue hits the goblin.
You kill the goblin!
You now have 4/8 mp.
A hobgoblin comes into view. It is wielding a club.
The hobgoblin shouts!
Aim: a rat The flame tongue hits the rat.
You kill the rat!
You now have 3/8 mp.
Aim: a hobgoblin, wielding a club The flame tongue hits the hobgoblin.
You kill the hobgoblin!
You now have 3/8 mp.
You can't see any susceptible monsters within range! (Use Z to cast anyway.)
You start resting.
Your magical contamination has completely faded away.
A hobgoblin comes into view.
A hobgoblin is nearby!
A hobgoblin is nearby!
A hobgoblin is nearby!
The hobgoblin shouts!
You see here a bubbling coppery potion.
Aim: a hobgoblin The flame tongue hits the hobgoblin.
You kill the hobgoblin!
You now have 4/8 mp.
g - a bubbling coppery potion
Things that are here:
a club; a hobgoblin corpse; a rat corpse
h - a scroll labeled ADADOPLACEA A giant cockroach comes into view.
A giant cockroach is nearby!
A giant cockroach is nearby!
Found a stone staircase leading down.
Aim: a giant cockroach (clinging)
The flame tongue hits the giant cockroach.
You kill the giant cockroach!
You now have 5/8 mp.
You can't see any susceptible monsters within range! (Use Z to cast anyway.)
You see here a giant cockroach corpse.
A rat comes into view.
There is a stone staircase leading down here.
A rat is nearby!
Aim: a rat The flame tongue hits the rat.
You kill the rat!
You now have 6/8 mp.
You see here a ring mail.
You see here a ring mail.
A rat comes into view.
Health restored: 15; MP restored: 8 A rat is nearby!
A rat is nearby!
The rat moves out of view.
No target in view!
No target in view!
No target in view!
The rat is too close now for your liking.
Aim: a rat (hasn't noticed you)
The flame tongue hits the rat.
You kill the rat!
You now have 7/8 mp.
You see here a bat skeleton.
A rat comes into view.
MP restored: 8 No target in view!
You can't see any susceptible monsters within range! (Use Z to cast anyway.)
Aim: a rat (hasn't noticed you)
The flame tongue hits the rat.
You kill the rat!
You have reached level 3!
Your experience leads to an increase in your attributes!
Increase (S)trength, (I)ntelligence, or (D)exterity?
You feel clever.
Health restored: 19 Memorise Conjure Flame, consuming 3 spell levels and leaving 5?
You start memorising the spell.
You continue memorising. x3
You finish memorising.
Spell assigned to 'c'.
A bat comes into view.
The bat moves out of view.
MP restored: 10 The bat is too close now for your liking.
Really walk into a travel-excluded area?
You now have 44 gold pieces (gained 15).
Really walk into a travel-excluded area? [Y]es or [N]o only, please.
Really walk into a travel-excluded area? [Y]es or [N]o only, please.
Really walk into a travel-excluded area? [Y]es or [N]o only, please.
Really walk into a travel-excluded area? [Y]es or [N]o only, please.
Really walk into a travel-excluded area?
Okay, then.
Unknown command.
Really walk into a travel-excluded area?
You are engulfed in roaring flames.
Ouch! That really hurt!
You die...

#§§ #..#######
##...#####..##### #
.$.$.§§§.......###
..$$$.§....####....
.....§§§..# #####
#b..#####.# # #§§§#
#.# #§§§# #.# #@§§#
#.# #...#####.#
##........#
##########


You could see a bat.

Vanquished Creatures
  An ooze (D:1)
  A ball python (D:1)
  2 giant cockroaches (D:1)
  3 goblins (D:1)
  4 hobgoblins (D:1)
  2 kobolds (D:1)
  2 bats (D:1)
  A frilled lizard (D:1)
  8 rats (D:1)
24 creatures vanquished.

Vanquished Creatures (others)
  A bat (D:1)
  A rat (D:1)
2 creatures vanquished.

Grand Total: 26 creatures vanquished

Notes
Turn   | Place    | Note
-------+----------+-------------------------------------------
     0 | D:1      | drasked the Deep Elf Fire Elementalist began the quest for the Orb.
     0 | D:1      | Reached XP level 1. HP: 10/10 MP: 6/6
   410 | D:1      | Reached XP level 2. HP: 15/15 MP: 5/8
   770 | D:1      | Reached XP level 3. HP: 19/19 MP: 8/10
   775 | D:1      | Learned a level 3 spell: Conjure Flame
   863 | D:1      | Engulfed by a cloud of flame

Vault maps used:
D:1:      evilmike_arrival_crescent, lemuel_flame_loot_1

Action                   || total
-------------------------++-------
Melee: Unarmed           ||     4
 Cast: Flame Tongue      ||    31
Dodge: Dodged            ||     8

Vault maps used:
D:1:      evilmike_arrival_crescent, lemuel_flame_loot_1

Table legend:
 A = Turns spent in this place as a percentage of turns spent in the entire game.
 B = Non-inter-level travel turns spent in this place as a percentage of non-inter-level travel turns spent in the entire game.
 C = Inter-level travel turns spent in this place as a percentage of turns spent in this place.
 D = Turns resting spent in this place as a percentage of non-inter-level travel turns spent in this place.
 E = Turns spent auto-exploring this place as a percentage of non-inter-level travel turns spent in this place.
 F = Non-inter-level travel turns spent in this place divided by the number of levels of this place that you've seen.
                   A       B       C       D       E      F
               +-------+-------+-------+-------+-------+----------------------
         Total | 100.0 | 100.0 |   0.0 |   5.2 |   8.4 | 310.0
       Dungeon | 100.0 | 100.0 |   0.0 |   5.2 |   8.4 | 310.0
               +-------+-------+-------+-------+-------+----------------------

Table legend:
 A = Kills in this place as a percentage of kills in entire the game.
 B = Kills by you in this place as a percentage of kills by you in the entire game.
 C = Kills by friends in this place as a percentage of kills by friends in the entire game.
 D = Other kills in this place as a percentage of other kills in the entire game.
 E = Experience gained in this place as a percentage of experience gained in the entire game.
 F = Experience gained in this place divided by the number of levels of this place that you have seen.
                   A       B       C       D       E      F
               +-------+-------+-------+-------+-------+----------------------
         Total | 100.0 | 100.0 |  -nan |  -nan | 100.0 |  41.0
       Dungeon | 100.0 | 100.0 |  -nan |  -nan | 100.0 |  41.0
               +-------+-------+-------+-------+-------+----------------------
